 Dungeon Crawl Stone Soup version 0.24.0-123-gd5b16e6ec5 (webtiles) character file.

Game seed: 11219886506917321788, levelgen mode: deterministic

121 vurker the Magician (level 5, -7/33 HPs)
             Began as an Octopode Wizard on Dec 18, 2019.
             Killed by nerve-wracking pain
             ... invoked by an orc priest
              (9 damage)
             ... on level 3 of the Dungeon.
             The game lasted 00:05:43 (2697 turns).

vurker the Magician (Octopode Wizard)               Turns: 2697, Time: 00:05:44

Health: -7/33      AC:  1    Str:  6    XL:     5   Next: 5%
Magic:  6/10       EV: 13    Int: 21    God:
Gold:   114        SH:  0    Dex: 11    Spells: 6/11 levels left

rFire    . . .     SeeInvis .   c - +2 dagger (protect)
rCold    . . .     Gourm    .   (no shield)
rNeg     . . .     Faith    .   a - +0 hat
rPois    .         Spirit   .   (no amulet)
rElec    .         Reflect  .   (no ring)
rCorr    .         Harm     .   (no ring)
MR       .....                  (no ring)
Stlth    +++.......             (no ring)
HPRegen  0.11/turn              (no ring)
MPRegen  0.12/turn              (no ring)
                                (no ring)
                                (no ring)

@: no status effects
A: almost no armour, stealthy swim, amphibious, 8 rings, constrict 8, camouflage
1, gelatinous body 1
a: no special abilities


You were on level 3 of the Dungeon.
You were not hungry.

You visited 1 branch of the dungeon, and saw 3 of its levels.

You collected 114 gold pieces.

Inventory:

Hand Weapons
 c - a +2 dagger of protection (weapon)
   (You took it off a goblin on level 3 of the Dungeon)
Armour
 a - a +0 hat (worn)
Scrolls
 b - 4 scrolls of identify
 d - a scroll of enchant weapon {unknown}
 g - 2 scrolls of remove curse
 i - 2 scrolls of enchant armour
Potions
 h - a potion of heal wounds
 j - a potion of ambrosia
 k - a potion of agility {unknown}
 l - a potion of curing {unknown}
Comestibles
 e - 5 rations
 f - 6 chunks of flesh


   Skills:
 + Level 1.3 Fighting
 - Level 2.0 Dodging
 - Level 2.6 Stealth
 * Level 3.8 Spellcasting
 * Level 2.7 Conjurations
 * Level 2.1 Summonings
 - Level 1.0 Translocations


You had 6 spell levels left.
You knew the following spells:

 Your Spells              Type           Power        Failure   Level  Hunger
a - Magic Dart            Conj           ###.         4%          1    None
b - Call Imp              Summ           ##......     8%          2    #......
w - Blink                 Tloc           N/A          12%         2    #......

Your spell library contained the following spells:

 Spells                   Type           Power        Failure   Level  Hunger
 Slow                     Hex            #.......     19%         2    #......
 Conjure Flame            Conj/Fire      #.......     22%         3    ###....
 Mephitic Cloud           Conj/Pois/Air  #.......     26%         3    ###....


Dungeon Overview and Level Annotations

Branches:
Dungeon (3/15)

Altars:


Innate Abilities, Weirdness & Mutations

You cannot wear most types of armour.
You are very stealthy in the water. (Stealth+)
You are amphibious.
You can wear up to eight rings at the same time.
You can use your tentacles to constrict eight enemies at once.
Your skin changes colour to match your surroundings (Stealth+).
Your rubbery body absorbs attacks. (AC +1, EV +1)


Message History

A hobgoblin comes into view. It is wielding a +0 club.
Items here: ! $ ( ) [ a +0 dagger; 25 stones; a +0 leather armour; a ruby potion; 15 gold pieces A hobgoblin is nearby!
A hobgoblin is nearby!
A hobgoblin is nearby!
No target in view!
No target in view!
No target in view!
No target in view!
k - a ruby potion You now have 114 gold pieces (gained 15).
Things that are here:
a +0 dagger; 25 stones; a +0 leather armour No target in view!
No target in view!
Found a mace.
An orc priest comes into view. It is wielding a +0 flail.
The hobgoblin shouts!
The hobgoblin hits you with a +0 club.
You hear a shout!
You hit the hobgoblin.
Your weapon exudes an aura of protection.
Your grab misses the hobgoblin. You hit the hobgoblin.
You kill the hobgoblin!
You are feeling hungry.
No target in view!
No target in view!
l - a fuming dark potion
Things that are here:
a +0 club; a hobgoblin corpse You start resting.
Eating one of 7 chunks of flesh.
You eat one of the 7 chunks of flesh.
The orc priest is too close now for your liking.
Aim: an orc priest, wielding a +0 flail The magic dart hits the orc priest.
The orc priest calls down the wrath of Beogh upon you.
Beogh smites you!
* * * LOW HITPOINT WARNING * * *
Aim: an orc priest, wielding a +0 flail (lightly wounded)
The magic dart hits the orc priest.
The orc priest invokes the aid of Beogh against you.
Beogh smites you!
* * * LOW HITPOINT WARNING * * *
Aim: an orc priest, wielding a +0 flail (moderately wounded)
The magic dart hits the orc priest but does no damage.
The orc priest calls down the wrath of Beogh upon you.
Pain shoots through your body!
You die...

o.........##....#..#.##..
.........##.#.#.........
##.....##)#.#..##.####
#.#.........#.#........#
#...o.###.###.#(..#.##.#
###.#.# #.#.........##.#
.. #)# #.###.....####.'
#. #o###.# #.....# ### #
#..@..# #.....# # #######
#.....# # #.....# ##
####### ##. .... ###.
#... #.## #.


You could see an orc priest.

Vanquished Creatures
  2 oozes (D:1)
  5 worms
  2 dart slugs
  2 orcs (D:3)
  A ball python (D:2)
  9 goblins
  6 hobgoblins
  3 jackals (D:3)
  7 kobolds
  A quokka (D:2)
  6 bats
  6 frilled lizards
  5 rats
55 creatures vanquished.

Vanquished Creatures (collateral kills)
  3 gnolls (D:3)
  2 adders (D:2)
  A worm (D:2)
  A hobgoblin (D:3)
7 creatures vanquished.

Grand Total: 62 creatures vanquished

Notes
Turn   | Place    | Note
-------+----------+-------------------------------------------
     0 | D:1      | vurker the Octopode Wizard began the quest for the Orb.
     0 | D:1      | Reached XP level 1. HP: 11/11 MP: 4/4
   376 | D:1      | Reached XP level 2. HP: 18/18 MP: 1/6
   597 | D:1      | Learned a level 2 spell: Call Imp
   600 | D:1      | Learned a level 2 spell: Blink
   668 | D:1      | Reached XP level 3. HP: 21/22 MP: 0/7
   804 | D:1      | Reached skill level 1 in Fighting
  1505 | D:2      | Reached XP level 4. HP: 28/28 MP: 2/9
  2582 | D:3      | Reached XP level 5. HP: 27/33 MP: 1/10
  2697 | D:3      | Killed from afar by an orc priest

Levels and vault maps discovered:
D:1:      scummos_arrival_forest, layout_rooms, minmay_tree_intersection
D:2:      layout_basic
D:3:      cheibrodos_old_hovel, layout_basic

Skill      XL: |  1  2  3  4 |
---------------+-------------+-----
Fighting       | 1 |  1.3
Conjurations   | 2 |  2.7
Summonings     | 2 |  2.1
Dodging        | |  2.0
Stealth        | |  2.6
Spellcasting   | |  3.8
Translocations | |  1.0

Action                   |  1- 3 |  4- 6 || total
-------------------------+-------+-------++-------
Melee: Unarmed           |     4 |       ||     4
       Dagger            |    26 |    28 ||    54
       Constrict         |     5 |     7 ||    12
       Tentacles         |     2 |     5 ||     7
 Cast: Magic Dart        |    75 |    69 ||   144
       Call Imp          |     2 |     5 ||     7
  Use: Scroll            |       |     5 ||     5
 Stab: Sleeping          |     1 |     2 ||     3
  Eat: Chunk             |     2 |     4 ||     6
Armor: Skin              |     1 |     4 ||     5
Dodge: Dodged            |    22 |    19 ||    41
